 Dungeon Crawl Stone Soup version 0.27-a0-345-g7370b58738 (webtiles) character file.

Game seed: 7711742859134809117

323 ReteAZ the Protected (level 6, 0/51 HPs)
             Began as a Gnoll Wanderer on Feb 15, 2021.
             Was an Initiate of Okawaru.
             Slain by an iguana (4 damage)
             ... on level 4 of the Dungeon.
             The game lasted 00:05:42 (4221 turns).

ReteAZ the Protected (Gnoll Wanderer)               Turns: 4221, Time: 00:05:43

Health: 0/51       AC: 10    Str: 12    XL:     6   Next: 47%
Magic:  9/9        EV:  9    Int: 13    God:    Okawaru [......]
Gold:   192        SH:  0    Dex: 11    Spells: 9/9 levels left

rFire    . . .     SeeInvis .   b - +0 spear
rCold    . . .     Faith    .   (no shield)
rNeg     . . .     Spirit   .   j - +2 scale mail
rPois    .         Reflect  .   (no helmet)
rElec    .         Harm     .   (no cloak)
rCorr    .         Rampage  .   (no gloves)
Will     .....                  (no boots)
Stlth    +.........             (no amulet)
HPRegen  0.17/turn              (no ring)
MPRegen  0.11/turn              (no ring)

@: no status effects
A: distributed training, fangs 1, strong nose
a: Renounce Religion


You were on level 4 of the Dungeon.
You worshipped Okawaru.
Okawaru was noncommittal.
You visited 2 branches of the dungeon, and saw 5 of its levels.

You collected 192 gold pieces.

Inventory:

Hand Weapons
 a - a +0 shortbow
 b - a +0 spear (weapon)
 d - a +0 hand crossbow
Missiles
 c - 39 arrows
 e - 23 bolts
 f - 22 poisoned darts (quivered)
Armour
 j - a +2 scale mail (worn)
Jewellery
 r - a ring of resist corrosion {unknown}
Wands
 l - a wand of random effects (11)
Scrolls
 g - a scroll of blinking {unknown}
 i - 2 scrolls of fear {unknown}
 k - 5 scrolls of identify {unknown}
 n - 4 scrolls of teleportation {unknown}
 q - a scroll of enchant weapon {unknown}
Potions
 h - 2 potions of attraction {unknown}
 m - a potion of curing {unknown}
 o - a potion of flight {unknown}
 p - a potion of lignification {unknown}


   Skills:
 + Level 5.0 Fighting
 + Level 2.0 Short Blades
 + Level 2.0 Long Blades
 + Level 2.0 Axes
 + Level 2.0 Maces & Flails
 + Level 2.0 Polearms
 + Level 2.0 Staves
 + Level 2.0 Slings
 + Level 2.0 Bows
 + Level 3.2 Crossbows
 + Level 2.0 Throwing
 + Level 10.5 Armour
 + Level 2.0 Dodging
 + Level 3.1 Stealth
 + Level 2.0 Shields
 + Level 2.0 Unarmed Combat
 + Level 2.0 Spellcasting
 + Level 1.5 Conjurations
 + Level 1.5 Hexes
 + Level 1.5 Summonings
 + Level 1.5 Necromancy
 + Level 1.5 Translocations
 + Level 1.5 Transmutations
 + Level 1.5 Fire Magic
 + Level 1.5 Ice Magic
 + Level 1.5 Air Magic
 + Level 1.5 Earth Magic
 + Level 1.5 Poison Magic
 + Level 2.2 Invocations
 + Level 3.2 Evocations


You had 9 spell levels left.
You didn't know any spells.
Your spell library was empty.

Dungeon Overview and Level Annotations

Branches:
Dungeon (4/15)             Temple (1/1) D:4

Altars:
Dithmenos
Elyvilon
Fedhas
Gozag
Hepliaklqana
Kikubaaqudgha
Makhleb
Nemelex Xobeh
Okawaru
Qazlal
Ru
Sif Muna
Trog
Uskayaw
Wu Jian
Xom
The Shining One
Beogh

Annotations:
D:2 1 runed translucent door, Crazy Yiuf
D:3 3 runed translucent doors, ReteAZ's ghost, amateur KoBr


Innate Abilities, Weirdness & Mutations

Your experience applies equally to all skills.
You have very sharp teeth.
Your uncanny sense of smell can sniff out nearby items.


Message History

You barely miss the iguana.
The iguana is almost dead.
The iguana bites you.
You hit the iguana.
The iguana is almost dead.
The iguana bites you!
* * * LOW HITPOINT WARNING * * *
You barely miss the iguana.
The iguana is almost dead.
The iguana stops glowing.
The iguana closely misses you.
You closely miss the iguana. You bite the iguana, but do no damage.
The iguana is almost dead.
The iguana bites you but does no damage.
You hit the iguana but do no damage. You bite the iguana, but do no damage.
The iguana is almost dead.
The iguana bites you but does no damage.
You completely miss the iguana.
The iguana is almost dead.
The iguana barely misses you.
Aiming: Random Effects
Press: ? - help, Shift-Dir - straight line, f/p - iguana
Aim: an iguana (almost dead)
The iguana struggles to resist.
The iguana barely misses you.
You closely miss the iguana.
The iguana is almost dead.
The iguana closely misses you.
Your scale mail prevents you from hitting the iguana.
The iguana is almost dead.
The iguana bites you!
* * * LOW HITPOINT WARNING * * *
You barely miss the iguana.
The iguana is almost dead.
The iguana completely misses you.
You closely miss the iguana.
The iguana is almost dead.
The iguana barely misses you.
You hit the iguana but do no damage.
The iguana is almost dead.
The iguana bites you.
You die...

∆ ∆ ..###+### ........#
##+####
#+###......######.......
....#...................
........................
.#...##.........@l......
.#............).........
...##.#............(....
##....#...............(.
...#...................(
##.#.#.....##+##########
)....#.....#
>.##.......#
.....##....#


You could see an iguana.

Vanquished Creatures
  Terence (D:2)
  Natasha (thrice) (D:2)
  2 worker ants
  4 gnolls (D:2)
  5 adders
  2 oozes (D:1)
  3 dart slugs
  3 leopard geckos (D:1)
  2 orcs (D:4)
  7 bats
  5 giant cockroaches
  11 goblins
  6 hobgoblins
  3 jackals (D:3)
  2 quokkas (D:3)
  8 frilled lizards
  8 kobolds
  8 rats
83 creatures vanquished.

Notes
Turn   | Place    | Note
-------+----------+-------------------------------------------
     0 | D:1      | Reached skill level 10 in Armour
     0 | D:1      | ReteAZ the Gnoll Wanderer began the quest for the Orb.
     0 | D:1      | ReteAZ set off with the following items: a +0 shortbow, a
                  | +2 scale mail, 26 arrows, a +0 hand crossbow, 25 bolts
     0 | D:1      | Reached XP level 1. HP: 20/20 MP: 1/1
    98 | D:1      | Reached XP level 2. HP: 19/26 MP: 2/2
   582 | D:1      | Reached XP level 3. HP: 31/31 MP: 3/3
   755 | D:1      | Reached skill level 1 in Invocations
  1261 | D:2      | Noticed Natasha
  1264 | D:2      | Reached skill level 1 in Short Blades
  1264 | D:2      | Reached skill level 1 in Long Blades
  1264 | D:2      | Reached skill level 1 in Axes
  1264 | D:2      | Reached skill level 1 in Maces & Flails
  1264 | D:2      | Reached skill level 1 in Polearms
  1264 | D:2      | Reached skill level 1 in Staves
  1264 | D:2      | Reached skill level 1 in Slings
  1264 | D:2      | Reached skill level 1 in Bows
  1264 | D:2      | Reached skill level 1 in Throwing
  1264 | D:2      | Reached skill level 1 in Dodging
  1264 | D:2      | Reached skill level 1 in Shields
  1264 | D:2      | Reached skill level 1 in Unarmed Combat
  1264 | D:2      | Reached skill level 1 in Spellcasting
  1271 | D:2      | Killed Natasha
  1272 | D:2      | Reached XP level 4. HP: 29/38 MP: 5/5
  1369 | D:2      | Reached skill level 1 in Conjurations
  1369 | D:2      | Reached skill level 1 in Hexes
  1369 | D:2      | Reached skill level 1 in Summonings
  1369 | D:2      | Reached skill level 1 in Necromancy
  1369 | D:2      | Reached skill level 1 in Translocations
  1369 | D:2      | Reached skill level 1 in Transmutations
  1369 | D:2      | Reached skill level 1 in Fire Magic
  1369 | D:2      | Reached skill level 1 in Ice Magic
  1369 | D:2      | Reached skill level 1 in Air Magic
  1369 | D:2      | Reached skill level 1 in Earth Magic
  1369 | D:2      | Reached skill level 1 in Poison Magic
  1533 | D:2      | Found a white marble altar of Elyvilon.
  1536 | D:2      | Noticed Natasha
  1537 | D:2      | Noticed Terence
  1543 | D:2      | Killed Natasha
  1611 | D:2      | Noticed Natasha
  1618 | D:2      | Killed Natasha
  1619 | D:2      | Reached XP level 5. HP: 29/43 MP: 5/7
  2191 | D:2      | Found a runed translucent door.
  2192 | D:2      | Noticed Crazy Yiuf
  2409 | D:2      | Found an ornate altar of the Wu Jian Council.
  2461 | D:2      | Killed Terence
  2462 | D:2      | Reached XP level 6. HP: 46/50 MP: 8/8
  3424 | D:3      | Found an opulent altar of Gozag.
  3509 | D:3      | Found a runed translucent gate.
  3510 | D:3      | Found a runed translucent gate.
  3510 | D:3      | Noticed ReteAZ's ghost (amateur KoBr)
  3511 | D:3      | Found a runed translucent gate.
  3511 | D:3      | Found a roughly hewn altar of Beogh.
  3956 | D:4      | Reached skill level 5 in Fighting
  3970 | D:4      | Found a staircase to the Ecumenical Temple.
  3988 | Temple   | Entered the Ecumenical Temple
  4086 | Temple   | Became a worshipper of Warmaster Okawaru
  4221 | D:4      | Slain by an iguana

Illustrated notes

Levels and vault maps discovered:
D:1:      mrwooster_arrival_statue_3, layout_basic
D:2:      layout_loops_cross, lemuel_coloured_pillars_altar, elyvilon_altar_1,
          kennysheep_generic_room_4, uniq_crazy_yiuf_cottage, uniq_terence,
          uniq_natasha
D:3:      layout_loops_corners, nicolae_gozag_seed_capital,
          biasface_ghost_orc_armoury
D:4:      layout_gridville, minmay_temple_entry_ruins
Temple:   jpeg_temple_clearing

Skill      XL: |  1  2  3  4  5  6 |
---------------+-------------------+-----
Armour         | | 10.5
Invocations    | 1 2 |  2.2
Short Blades   | 1 2 |  2.0
Long Blades    | 1 2 |  2.0
Axes           | 1 2 |  2.0
Maces & Flails | 1 2 |  2.0
Polearms       | 1 2 |  2.0
Staves         | 1 2 |  2.0
Slings         | 1 2 |  2.0
Bows           | 1 2 |  2.0
Throwing       | 1 2 |  2.0
Dodging        | 1 2 |  2.0
Shields        | 1 2 |  2.0
Unarmed Combat | 1 2 |  2.0
Spellcasting   | 1 2 |  2.0
Conjurations   | 1 |  1.5
Hexes          | 1 |  1.5
Summonings     | 1 |  1.5
Necromancy     | 1 |  1.5
Translocations | 1 |  1.5
Transmutations | 1 |  1.5
Fire Magic     | 1 |  1.5
Ice Magic      | 1 |  1.5
Air Magic      | 1 |  1.5
Earth Magic    | 1 |  1.5
Poison Magic   | 1 |  1.5
Crossbows      | 3 |  3.2
Evocations     | 3 |  3.2
Stealth        | 3 |  3.1
Fighting       | 5 |  5.0

Action                   |  1- 3 |  4- 6 || total
-------------------------+-------+-------++-------
Melee: Spear             |       |   146 ||   146
       Bite              |       |    10 ||    10
       Punch             |       |     1 ||     1
 Fire: Shortbow          |    87 |   127 ||   214
       Hand crossbow     |       |    17 ||    17
Evoke: Wand              |       |     2 ||     2
Armor: Scale mail        |    16 |   105 ||   121
Dodge: Dodged            |    12 |   110 ||   122

Table legend: (Time is in decaauts)
 A = Elapsed time spent in this place.
 B = Non-inter-level travel time spent in this place.
 C = Inter-level travel time spent in this place.
 D = Time resting spent in this place.
 E = Time spent auto-exploring this place.
 F = Levels seen in this place.
 G = Mean time per level.
                   A        B        C        D        E       F      G
               +--------+--------+--------+--------+--------+-----+--------+
         Total |   4308 |   4071 |    237 |      0 |   3369 |   5 |  861.6 |
       Dungeon |   4187 |   3994 |    193 |      0 |   3295 |   4 | 1046.8 |
        Temple |    120 |     76 |     44 |      0 |     74 |   1 |  120.0 |
               +--------+--------+--------+--------+--------+-----+--------+

Top non-repeatable levels by time:
     D:3: 1414 daAuts
     D:2: 1367 daAuts
     D:1: 1239 daAuts
     D:4: 166 daAuts
  Temple: 120 daAuts
